 Dungeon Crawl Stone Soup version 0.28.0-49-g6dfe1f597d (webtiles) character file.

Game seed: 10914496086985978461

189 bnorton916 the Magician (level 5, 0/28 HPs)
             Began as a Deep Elf Fire Elementalist on May 16, 2022.
             Killed from afar by Ijyb (7 damage)
             ... with a puff of flame
             ... on level 3 of the Dungeon.
             The game lasted 00:02:59 (2943 turns).

bnorton916 the Magician (DEFE)                      Turns: 2943, Time: 00:03:00

Health: 0/28       AC:  2    Str:  5    XL:     5   Next: 40%
Magic:  6/14       EV: 12    Int: 22    God:
Gold:   60         SH:  0    Dex: 15    Spells: 8/14 levels left

rFire   . . .      SeeInvis .   (no weapon)
rCold   . . .      Faith    .   (no shield)
rNeg    . . .      Spirit   .   a - +0 robe
rPois   .          Reflect  .   (no helmet)
rElec   .          Harm     .   (no cloak)
rCorr   .          Rampage  .   (no gloves)
Will    .....                   (no boots)
Stlth   ++........              (no amulet)
HPRegen 0.09/turn               (no ring)
MPRegen 0.14/turn               (no ring)

@: no status effects
A: no striking features
a: no special abilities


You were on level 3 of the Dungeon.
You visited 1 branch of the dungeon, and saw 3 of its levels.

You collected 60 gold pieces.

Inventory:

Hand Weapons
 j - a +1 dagger of draining
Armour
 a - a +0 robe (worn)
Scrolls
 c - 2 scrolls of identify {unknown}
 d - a scroll of enchant weapon {unknown}
 e - a scroll of summoning {unknown}
 f - a scroll of immolation {unknown}
 g - a scroll of noise {unknown}
 h - a scroll of teleportation {unknown}
Potions
 b - a potion of curing
 i - a potion of cancellation {unknown}


   Skills:
 - Level 2.4 Dodging
 - Level 2.4 Stealth
 + Level 5.0 Spellcasting
 + Level 3.4 Conjurations
 + Level 4.7 Fire Magic


You had 8 spell levels left.
You knew the following spells:

 Your Spells              Type           Power      Damage    Failure   Level
a - Foxfire               Conj/Fire      92%        2x1d8     1%          1
b - Scorch                Fire           52%        2d8       2%          2
c - Conjure Flame         Conj/Fire      23%        6-21      5%          3

Your spell library contained the following spells:

 Spells                   Type           Power      Damage    Failure   Level
 Inner Flame              Hex/Fire       15%        N/A       12%         3
 Flame Wave               Conj/Fire      23%        2d7       19%         4
 Tukima's Dance           Hex            5%         N/A       30%         3
 Passage of Golubria      Tloc           5%         N/A       69%         4
 Yara's Violent Unravell  Hex/Tmut       2%         3d3       95%         5


Dungeon Overview and Level Annotations

Branches:
Dungeon (3/15)

Altars:

Shops:
D:1 (   D:3 [

Annotations:
D:3 Ijyb


Message History

You kill the bat!
The foxfire hits Ijyb.
Ijyb is moderately wounded.
Casting: Foxfire (safe; 1% risk of failure)
Confirm with . or Enter, or press ? or * to list all spells.
You conjure some foxfire!
The foxfire hits Ijyb.
Ijyb is heavily wounded.
The foxfire hits Ijyb but does no damage.
Ijyb is heavily wounded.
Ijyb zaps a wand.
The puff of flame hits you.
Casting: Foxfire (safe; 1% risk of failure)
Confirm with . or Enter, or press ? or * to list all spells.
You conjure some foxfire!
The foxfire hits Ijyb but does no damage.
Ijyb is heavily wounded.
The foxfire hits Ijyb.
Ijyb is heavily wounded.
Casting: Foxfire (safe; 1% risk of failure)
Confirm with . or Enter, or press ? or * to list all spells.
Flames lash Ijyb.
Ijyb is severely wounded.
Ijyb's fire resistance burns away.
Ijyb zaps a wand.
The puff of flame hits you!
Ijyb hits you with a +0 dagger of holy wrath.
Casting: Scorch (safe; 2% risk of failure)
Confirm with . or Enter, or press ? or * to list all spells.
Flames lash Ijyb but do no damage.
Ijyb hits you with a +0 dagger of holy wrath.
* * * LOW HITPOINT WARNING * * *
Ijyb is no longer more vulnerable to fire.
Ijyb closely misses you.
Unknown command.
Casting: Scorch (safe; 2% risk of failure)
Confirm with . or Enter, or press ? or * to list all spells.
Flames lash Ijyb.
Ijyb is almost dead.
Ijyb's fire resistance burns away.
Ijyb zaps a wand.
The puff of flame hits you!
You die...

#.## #.# #..#
#.. ##.# #.#
#.# #.. #.#
### #.# ####
#.# .§.##
###.# §..#
#@..# #######
..# #g###
#♣..∩§§♣# #.#
#.# #..≈≈≈..#
#.# #.!
#.≈≈§§≈.# #.#
#.. ##
#§§§§§≈.#
#.##### #..# .
#§§≈§§≈.#
#.....# #...
#.#..§≈≈..#
#####.# ##.#
#.##.....##
#.##
####..........


You could see Ijyb (combustible).

Vanquished Creatures
  An ogre (D:3)
  An orc wizard (D:3)
  2 adders
  2 worms (D:2)
  5 dart slugs
  2 orcs (D:3)
  7 ball pythons
  5 bats
  4 endoplasms (D:1)
  A giant cockroach (D:1)
  3 goblins (D:1)
  A hobgoblin (D:1)
  3 quokkas
  2 frilled lizards
  2 kobolds
  4 rats
45 creatures vanquished.

Vanquished Creatures (others)
  A bat (D:3)
  140 foxfires
141 creatures vanquished.

Grand Total: 186 creatures vanquished

Notes
Turn   | Place    | Note
-------+----------+-------------------------------------------
     0 | D:1      | bnorton916 the Deep Elf Fire Elementalist began the quest
                  | for the Orb.
     0 | D:1      | Reached XP level 1. HP: 10/10 MP: 6/6
   544 | D:1      | Reached XP level 2. HP: 15/15 MP: 6/8
   825 | D:1      | Found Puuq Wett's Weapon Boutique.
  1325 | D:1      | Reached XP level 3. HP: 19/19 MP: 6/10
  1328 | D:1      | Learned a level 2 spell: Scorch
  1332 | D:1      | Learned a level 3 spell: Conjure Flame
  1990 | D:3      | Noticed an ogre
  2000 | D:3      | Killed an ogre
  2001 | D:3      | Reached skill level 4 in Spellcasting
  2001 | D:3      | Reached XP level 4. HP: 2/24 MP: 2/12
  2008 | D:2      | Reached XP level 5. HP: 5/28 MP: 0/14
  2544 | D:3      | Found a faded altar of an unknown god.
  2573 | D:3      | Found Petzuuny's Armour Emporium.
  2738 | D:3      | Reached skill level 5 in Spellcasting
  2932 | D:3      | Noticed Ijyb
  2943 | D:3      | Killed from afar by Ijyb

Illustrated notes

Levels and vault maps discovered:
D:1:      shiori_shiawase, layout_loops_corners, serial_shops,
          nicolae_shop_competitors_out_of_business
D:2:      layout_rooms, grunt_decor_one_mirror, kennysheep_generic_room_9
D:3:      layout_loops_cross, dreamdust_ecumenical_altar_sealed_demon,
          serial_shops, nicolae_lakefront_shop, moated_statue,
          lemuel_flame_loot_1, uniq_ijyb, uniq_pargi

Skill      XL: |  1  2  3  4  5 |
---------------+----------------+-----
Conjurations   | 2 3 |  3.4
Spellcasting   | 4 5 |  5.0
Fire Magic     | 4 |  4.7
Dodging        | |  2.4
Stealth        | |  2.4

Action                   |  1- 3 |  4- 6 || total
-------------------------+-------+-------++-------
 Cast: Foxfire           |    67 |    24 ||    91
       Scorch            |     9 |     7 ||    16
  Use: Potion            |       |     1 ||     1
Armor: Robe              |     2 |       ||     2
Dodge: Dodged            |     6 |     9 ||    15
